 Dungeon Crawl Stone Soup version 0.30-a0-782-ge64f9170bb (webtiles) character file.

Game seed: 14708130020689619759

408 Leeroy the Carver (level 6, -5/47 HPs)
             Began as a Merfolk Monk on Mar 2, 2023.
             Slain by a gnoll bouda
             ... wielding a +0 whip
              (12 damage)
             ... on level 4 of the Dungeon.
             The game lasted 00:05:09 (2851 turns).

Leeroy the Carver (Merfolk Monk)                    Turns: 2851, Time: 00:05:10

Health: -5/47      AC:  5    Str: 12    XL:     6   Next: 88%
Magic:  6/6        EV: 13    Int: 15    God:
Gold:   101        SH:  0    Dex: 18    Spells: 3/5 levels left

rFire   + . .      SeeInvis .    t - +0 rapier (venom)
rCold   . . .      Faith    .    (no shield)
rNeg    . . .      Spirit   .    c - +1 leather armour {rF+}
rPois   .          Reflect  .    v - +0 helmet
rElec   .          Harm     .    (no cloak)
rCorr   .          Rampage  .    (no gloves)
Will    +....                    (no boots)
Stlth   +                        (no amulet)
HPRegen 0.27/turn                e - ring of willpower
MPRegen 0.10/turn                p - +6 ring of intelligence

@: confused, ambrosia-drunk
A: (nimble swimmer 2), mertail
a: no special abilities


You were on level 4 of the Dungeon.
You visited 1 branch of the dungeon, and saw 4 of its levels.

You collected 101 gold pieces.

Inventory:

Hand Weapons
 a - a +0 falchion
 t - a +0 rapier of venom (weapon)
 u - a +0 short sword of speed
 w - a +4 dagger
 y - the +7 dagger of Irritation {freeze, rF+}
   (You found it on level 4 of the Dungeon)

   rF:        It protects you from fire.
Missiles
 g - 4 poisoned darts (quivered)
Armour
 b - a +0 robe
 c - a +1 leather armour of fire resistance (worn)
 v - a +0 helmet (worn)
Jewellery
 e - a ring of willpower (left hand)
 p - a +6 ring of intelligence (right hand)
Scrolls
 d - a scroll of noise {unknown}
 h - a scroll of enchant weapon {unknown}
 i - a scroll of identify {unknown}
 j - 2 scrolls of immolation {unknown}
 k - a scroll of amnesia {unknown}
 l - a scroll of poison {unknown}
 m - a scroll of teleportation {unknown}
 n - a scroll of enchant armour {unknown}
 r - a scroll of magic mapping {unknown}
Potions
 f - 2 potions of flight {unknown}
 o - a potion of ambrosia
 q - a potion of brilliance {unknown}
 s - a potion of curing {unknown}
 x - a potion of degeneration {unknown}


   Skills:
 - Level 3.2 Fighting
 + Level 9.0 Long Blades
 - Level 4.0 Dodging
 - Level 2.1 Stealth


You had 3 spell levels left.
You knew the following spells:

 Your Spells              Type           Power      Damage    Failure   Level
a - Passwall              Tmut/Erth      0%         N/A       45%         2

Your spell library contained the following spells:

 Spells                   Type           Power      Damage    Failure   Level
 Foxfire                  Conj/Fire      0%         2x1d4     34%         1
 Necrotise                Necr           0%         1d4       34%         1
 Cigotuvi's Dreadful Rot  Necr/Pois/Air  0%         N/A       45%         2
 Ensorcelled Hibernation  Hex/Ice        0%         N/A       45%         2
 Dazzling Flash           Conj/Hex       0%         N/A       71%         3
 Spider Form              Tmut/Pois      0%         N/A       71%         3
 Swiftness                Air            0%         N/A       71%         3
 Vampiric Draining        Necr           0%         2d6       71%         3
 Anguish                  Hex/Necr       0%         N/A       98%         4
 Dispel Undead            Necr           0%         3d6       98%         4
 Agony                    Necr           0%         N/A       100%        5
 Fireball                 Conj/Fire      0%         3d3       100%        5
 Silence                  Hex/Air        0%         N/A       100%        5
 Death Channel            Necr           0%         N/A       100%        6
 Starburst                Conj/Fire      0%         6d3       100%        6


Dungeon Overview and Level Annotations

Branches:
Dungeon (4/15)
 Temple: D:4-7

Altars:
Kikubaaqudgha


Innate Abilities, Weirdness & Mutations

((You are very nimble when in or above water. (Stealth+, EV+, Speed+++)))
Your lower body shifts to a powerful aquatic tail in water.


Message History

You kill the gnoll!
You hit the gnoll bouda but do no damage.
The gnoll barely misses you.
The gnoll bouda hits you with a +0 whip!
You are too injured to fight recklessly!
You are too injured to fight recklessly!
You are too injured to fight recklessly!
You are too injured to fight recklessly!
You are too injured to fight recklessly!
You are too injured to fight recklessly!
You hit the gnoll bouda. You freeze the gnoll bouda.
The gnoll bouda is moderately wounded.
The gnoll closely misses you.
The gnoll bouda hits you with a +0 whip.
* * * LOW HITPOINT WARNING * * *
You hit the gnoll bouda but do no damage.
The gnoll bouda is moderately wounded.
The gnoll bouda attacks as you move away!
The gnoll bouda hits you with a +0 whip!
* * * LOW HITPOINT WARNING * * *
Okay, then.
You are confused.
You feel invigorated.
Your attacks no longer feel as feeble.
The gnoll bouda barely misses you. The gnoll misses you.
The +7 dagger of Irritation {freeze, rF+} stops glowing.
Your +0 rapier of venom begins to drip with poison!
t - a +0 rapier of venom (weapon)
The gnoll bouda hits you with a +0 whip.
* * * LOW HITPOINT WARNING * * *
The gnoll hits you from afar with a +0 spear.
* * * LOW HITPOINT WARNING * * *
The gnoll bouda closely misses you. The gnoll barely misses you.
You're too confused to move!
The gnoll bouda hits you with a +0 whip.
* * * LOW HITPOINT WARNING * * *
The gnoll closely misses you.
You completely miss the gnoll.
The gnoll bouda hits you with a +0 whip!
You die...

..........#......#
..........#...>..#
...###..####.##..#
...# ##########..#
..... #........#
.....# #........#
.....# #........#
##.####..# # #g@#
.......g.#
.<.......# +#
########+# .. ..
.. .. ..


You could see a gnoll bouda and a gnoll (swift).

Vanquished Creatures
  An ogre (D:4)
  A necrophage (D:4)
  A hound (D:4)
  Jessica (D:2)
  Terence (D:3)
  2 gnolls (D:4)
  9 adders
  An ufetubus (D:4)
  A dart slug (D:1)
  An orc (D:3)
  4 bats
  8 endoplasms
  3 giant cockroaches
  3 goblins
  7 hobgoblins
  3 quokkas
  7 ball pythons
  5 frilled lizards (D:2)
  6 kobolds
  5 rats
70 creatures vanquished.

Notes
Turn   | Place    | Note
-------+----------+-------------------------------------------
     0 | D:1      | Leeroy the Merfolk Monk began the quest for the Orb.
     0 | D:1      | Reached XP level 1. HP: 18/18 MP: 1/1
    59 | D:1      | Reached skill level 4 in Long Blades
    82 | D:1      | Reached XP level 2. HP: 9/24 MP: 2/2
   559 | D:2      | Noticed Jessica
   569 | D:2      | Killed Jessica
   570 | D:2      | Reached skill level 5 in Long Blades
   570 | D:2      | Reached XP level 3. HP: 11/29 MP: 3/3
   668 | D:2      | Reached XP level 4. HP: 28/35 MP: 4/4
   740 | D:2      | Reached skill level 6 in Long Blades
  1067 | D:2      | Found a faded altar of an unknown god.
  1435 | D:3      | Found an ancient bone altar of Kikubaaqudgha.
  1517 | D:3      | Reached XP level 5. HP: 38/41 MP: 5/5
  1526 | D:3      | Learned a level 2 spell: Passwall
  1640 | D:3      | Noticed Terence
  1659 | D:3      | Killed Terence
  1660 | D:3      | Reached skill level 7 in Long Blades
  2261 | D:4      | Noticed an ogre
  2437 | D:4      | Identified the +7 dagger of Irritation {freeze, rF+}
  2463 | D:4      | Reached XP level 6. HP: 38/47 MP: 6/6
  2568 | D:4      | Reached skill level 8 in Long Blades
  2840 | D:4      | Reached skill level 9 in Long Blades
  2846 | D:4      | HP: 2/47 [gnoll bouda/+0 whip (12)]
  2851 | D:4      | Slain by a gnoll bouda

Illustrated notes

Levels and vault maps discovered:
D:1:      dpeg_arrival_shelter, layout_rooms
D:2:      layout_basic, shapermc_ecumenical_altar_acropolis, uniq_jessica
D:3:      layout_loops_cross, general_overflow_altar,
          nicolae_overflow_hidden_temple, uniq_terence
D:4:      layout_gridville, minmay_temple_entry_antechambers

Skill      XL: |  1  2  3  4  5  6 |
---------------+-------------------+-----
Long Blades    | 4 5 6 7 9 |  9.0
Fighting       | |  3.2
Dodging        | |  4.0
Stealth        | |  2.1

Action                     |  1- 3 |  4- 6 || total
---------------------------+-------+-------++-------
  Melee: Falchion          |    88 |   132 ||   220
         Rapier            |       |    19 ||    19
         Dagger            |       |    24 ||    24
  Throw: Dart              |       |     1 ||     1
    Use: Potion            |     1 |     1 ||     2
   Stab: Sleeping          |     3 |     8 ||    11
 Armour: Robe              |    19 |       ||    19
         Leather armour    |     2 |    33 ||    35
  Dodge: Dodged            |    79 |   105 ||   184

Table legend: (Time is in decaauts)
 A = Elapsed time spent in this place.
 B = Non-inter-level travel time spent in this place.
 C = Inter-level travel time spent in this place.
 D = Time resting spent in this place.
 E = Time spent auto-exploring this place.
 F = Levels seen in this place.
 G = Mean time per level.
                   A        B        C        D        E       F      G
               +--------+--------+--------+--------+--------+-----+--------+
         Total |   2840 |   2731 |    109 |      0 |   2098 |   4 |  710.0 |
       Dungeon |   2840 |   2731 |    109 |      0 |   2098 |   4 |  710.0 |
               +--------+--------+--------+--------+--------+-----+--------+

Top non-repeatable levels by time:
     D:3: 999 daAuts
     D:2: 745 daAuts
     D:4: 562 daAuts
     D:1: 532 daAuts
